 Dungeon Crawl Stone Soup version 0.31-a0-846-gb3bcc0d938 (webtiles) character file.

Game seed: 5691157141188811958

11 wildpjah the Ducker (level 2, 0/23 HPs)
             Began as a Merfolk Gladiator on Oct 3, 2023.
             Slain by a gnoll
             ... wielding a +0 halberd
              (11 damage)
             ... on level 2 of the Dungeon.
             The game lasted 00:00:33 (214 turns).

wildpjah the Ducker (Merfolk Gladiator)              Turns: 214, Time: 00:00:34

Health: 0/23       AC:  4    Str: 14    XL:     2   Next: 29%
Magic:  2/2        EV: 13    Int:  7    God:
Gold:   15         SH:  0    Dex: 15    Spells: 1/1 levels left

rFire   . . .        a - +0 long sword
rCold   . . .        (no shield)
rNeg    . . .        b - +0 leather armour
rPois   .            c - +0 helmet
rElec   .            (no cloak)
rCorr   .            (no gloves)
SInv    .            (no boots)
Will    .....        (no amulet)
Stlth   +            (no ring)
HPRegen 0.23/turn    (no ring)
MPRegen 0.08/turn

%: no passive effects
@: no status effects
A: (nimble swimmer 2), mertail
a: no special abilities


You were on level 2 of the Dungeon.
You visited 1 branch of the dungeon, and saw 2 of its levels.

You collected 15 gold pieces.

Inventory:

Hand Weapons
 a - a +0 long sword (weapon)
Missiles
 d - 3 throwing nets (quivered)
 e - a javelin
Armour
 b - a +0 leather armour (worn)
 c - a +0 helmet (worn)
Jewellery
 i - an amulet of faith
Scrolls
 f - a scroll of acquirement {unknown}
 h - a scroll of identify {unknown}
 j - a scroll of torment {unknown}
Potions
 g - a potion of mutation {unknown}


   Skills:
 * Level 2.6 Fighting
 * Level 4.0 Long Blades
 + Level 2.0 Throwing
 * Level 4.1 Dodging


You had one spell level left.
You didn't know any spells.
Your spell library contained the following spells:

 Spells                   Type           Power      Damage    Failure   Level
 Cigotuvi's Dreadful Rot  Necr/Pois/Air  0%         N/A       65%         2
 Ignite Poison            Fire/Tmut/Pois 0%         N/A       87%         3
 Freezing Cloud           Conj/Ice/Air   0%         6-21      100%        5


Dungeon Overview and Level Annotations

Branches:
Dungeon (1/15)

Altars:


Innate Abilities, Weirdness & Mutations

((You are very nimble when in or above water. (Stealth+, EV+, Speed+++)))
Your lower body shifts to a powerful aquatic tail in water.


Message History

No target in view!
No target in view!
No target in view!
No target in view!
No target in view!
No target in view!
A dart slug comes into view.
Things that are here:
a +0 club; 3 stones The dart slug misses you.
You hit the dart slug but do no damage. You hit the dart slug.
The dart slug is severely wounded.
The dart slug launches a dart at you. The slug dart misses you.
You hit the dart slug.
You kill the dart slug!
Your Long Blades skill increases to level 4!
No target in view!
No target in view!
No target in view!
No target in view!
No target in view!
No target in view!
No target in view!
No target in view!
No target in view!
No target in view!
No target in view!
No target in view!
Found a club.
A gnoll comes into view. It is wielding a +0 halberd.
The gnoll shouts! 3 gnolls come into view.
Found 5 stones.
The gnoll shouts! x2
The gnoll shouts!
The gnoll hits you from afar with a +0 halberd.
The gnoll hits you with a +0 halberd! x2
You die...

#.......# ...
#.......#......
#.......#(.^...
#.......#......
#.....g.#......
#..............
#....ggg.......
#.....@........
#######........
#........
#........ ##
#........ #.
#.#
####........ #.
#.#
#........... #.
#.#
#.....###... #.
#.#
#.....###... #.


You could see 4 gnolls.

Vanquished Creatures
  A dart slug (D:2)
  An endoplasm (D:1)
  A goblin (D:1)
  A hobgoblin (D:2)
  3 kobolds (D:2)
  2 rats (D:2)
9 creatures vanquished.

Notes
Turn   | Place    | Note
-------+----------+-------------------------------------------
     0 | D:1      | wildpjah the Merfolk Gladiator began the quest for the Orb.
     0 | D:1      | Reached XP level 1. HP: 16/16 MP: 1/1
    32 | D:1      | You fall into a shaft and drop 1 floor!
   157 | D:2      | Reached XP level 2. HP: 20/23 MP: 2/2
   214 | D:2      | Slain by a gnoll

Illustrated notes

Levels and vault maps discovered:
D:1:      tarquinn_simple_flora_water_e, layout_loops_ring
D:2:      layout_basic, hangedman_decor_clover_reticule,
          hangedman_decor_riveting, dreamdust_mushroom_princess,
          uniq_crazy_yiuf_cottage

Skill      XL: |  1  2 |
---------------+-------+-----
Long Blades    | 4 |  4.0
Fighting       | |  2.6
Throwing       | |  2.0
Dodging        | |  4.1

Action                     || total
---------------------------++-------
  Melee: Long sword        ||    22
 Armour: Leather armour    ||    10
  Dodge: Dodged            ||    19

Table legend: (Time is in decaauts)
 A = Elapsed time spent in this place.
 B = Non-inter-level travel time spent in this place.
 C = Inter-level travel time spent in this place.
 D = Time resting spent in this place.
 E = Time spent auto-exploring this place.
 F = Levels seen in this place.
 G = Mean time per level.
                   A        B        C        D        E       F      G
               +--------+--------+--------+--------+--------+-----+--------+
         Total |    218 |    218 |      0 |      0 |    153 |   2 |  109.0 |
       Dungeon |    218 |    218 |      0 |      0 |    153 |   2 |  109.0 |
               +--------+--------+--------+--------+--------+-----+--------+

Top non-repeatable levels by time:
     D:2: 185 daAuts
     D:1: 32 daAuts
